Map: Dusk Towers

Players

Miszu

  • Race: Terran Terran
  • League: Master

IIIIIIIIIIII

  • Race: Protoss Protoss
  • League: Master

VOD

Have the link to the VOD?

Description

Time

  • Played on: March 8, 2016, 2:17 p.m.
  • Length: 17:05
Show
View Real Time Build Order
Export as new Build Order

Miszu Terran 

Build Orders: Hellion Opening, Reaper Expand, Mech 

Get SALT Encoding   

  12  0:01  SCV  
  13  0:13  SCV  
  14  0:18  Supply Depot  
  14  0:25  SCV  
  15  0:40  SCV  
  15  0:41  Barracks  
  16  0:45  Refinery  
  16  0:53  SCV  
  17  1:07  SCV  
  18  1:19  SCV  
  19  1:31  Orbital Command  
  19  1:32  Reaper  
  20  1:42  Command Center  
  20  1:50  Supply Depot  
  20  1:58  SCV  
  21  2:06  Marine  
  22  2:10  Factory  
  22  2:11  SCV  
  23  2:23  SCV  
  23  2:28  Barracks Reactor  
  24  2:35  SCV  
  25  2:47  SCV  
  26  2:59  SCV  
  27  3:06  Factory  
  26  3:13  SCV  
  26  3:14  Orbital Command  
  26  3:16  Hellion  
  26  3:17  Hellion  
  26  3:18  Barracks Reactor  
  31  3:25  SCV  
  32  3:37  SCV  
  32  3:38  Hellion x2  
  37  3:42  SCV  
  37  3:45  Supply Depot  
  38  3:49  SCV  
  38  3:54  SCV  
  40  3:59  Hellion x2  
  40  4:01  Supply Depot  
  40  4:02  SCV  
  43  4:06  SCV  
  44  4:11  Hellion x2  
  44  4:14  SCV  
  49  4:18  SCV  
  49  4:21  Hellion  
  49  4:22  Hellion  
  54  4:26  SCV  
  54  4:30  SCV  
  54  4:31  Supply Depot  
  56  4:32  Supply Depot, Hellion x2  
  56  4:35  Factory  
  56  4:38  SCV  
  61  4:42  SCV  
  60  4:48  Hellion  
  60  4:52  SCV  
  65  4:53  Hellion  
  65  4:54  SCV  
  66  5:03  Hellion x2  
  66  5:04  SCV  
  66  5:06  SCV  
  72  5:09  Hellion  
  72  5:12  Supply Depot  
  74  5:16  SCV  
  74  5:18  SCV  
  74  5:20  Factory Tech Lab  
  76  5:22  Supply Depot, Command Center  
  76  5:26  Hellion  
  78  5:31  Refinery x2  
  78  5:33  Refinery  
  78  5:34  Hellion x2, SCV x2  
  84  5:36  Supply Depot  
  84  5:37  Supply Depot  
  87  5:46  Cyclone, SCV x2  
  87  5:58  SCV x2  
  87  6:00  Hellion x3  
  87  6:01  Hellion  
  97  6:10  SCV x2  
  94  6:20  Siege Tank  
  94  6:21  Hellion  
  94  6:22  Hellion x2, SCV x2  
  104  6:34  SCV  
  104  6:37  SCV  
  104  6:39  Orbital Command  
  101  6:46  Hellion x2, SCV  
  106  6:49  SCV  
  107  6:58  SCV  
  107  7:01  Siege Tank, SCV  
  109  7:03  Refinery  
  109  7:05  SCV  
  109  7:10  Refinery, SCV  
  109  7:13  SCV  
  111  7:18  SCV  
  112  7:22  SCV  
  112  7:25  SCV  
  114  7:30  SCV  
  114  7:34  Siege Tank  
  114  7:35  SCV  
  119  7:37  SCV  
  119  7:38  Factory  
  119  7:39  Factory  
  119  7:42  SCV  
  115  7:47  SCV  
  115  7:49  SCV  
  117  7:53  Hellion x4  
  117  7:54  SCV  
  126  7:59  SCV  
  126  8:01  SCV  
  126  8:03  Supply Depot  
  128  8:06  Siege Tank, SCV  
  128  8:11  SCV  
  128  8:12  Armory  
  121  8:13  SCV  
  121  8:14  Armory  
  121  8:18  SCV  
  123  8:22  Factory Tech Lab x2  
  123  8:23  SCV  
  123  8:25  SCV  
  125  8:28  Supply Depot  
  125  8:30  SCV  
  125  8:32  Mag-Field Accelerator  
  126  8:35  Hellion, Barracks Tech Lab  
  126  8:36  SCV  
  126  8:38  Cyclone  
  126  8:41  Hellion  
  134  8:44  Siege Tank  
  134  8:45  Siege Tank  
  134  8:50  SCV  
  134  8:54  SCV  
  136  8:55  Supply Depot  
  136  8:56  SCV  
  136  8:58  Supply Depot  
  137  9:10  Hellion x2, Siege Tank  
  137  9:11  Hellion x2  
  137  9:15  Supply Depot  
  148  9:17  Terran Vehicle And Ship Armor Level 1, Terran Vehicle Weapons Level 1  
  148  9:19  Siege Tank x2  
  148  9:23  Hellion x2  
  148  9:24  Hellion x3  
  154  9:27  Starport  
  154  9:32  Hellion  
  154  9:33  Hellion x4  
  154  9:38  Barracks Reactor  
  154  9:42  Siege Tank  
  157  9:47  Hellion x2  
  157  9:48  Hellion  
  157  9:51  Hellion, Siege Tank  
  166  9:53  Hellion  
  169  10:00  SCV x2  
  169  10:04  Engineering Bay  
  169  10:05  Supply Depot, SCV  
  169  10:06  Supply Depot  
  171  10:12  Siege Tank, SCV x2  
  176  10:16  Supply Depot  
  176  10:18  SCV  
  172  10:24  SCV  
  172  10:27  Siege Tank x2  
  173  10:37  Hellion x3  
  177  10:44  Siege Tank  
  180  10:57  Command Center  
  180  10:59  Cyclone x2  
  174  11:16  Cyclone  
  177  11:20  Hellion x4  
  184  11:31  Siege Tank x2  
  157  11:49  Siege Tank  
  157  11:50  Liberator  
  157  11:51  Liberator  
  157  11:53  Starport  
  160  11:56  Starport  
  159  12:03  Siege Tank x2  
  171  12:19  Liberator x2  
  171  12:21  Siege Tank  
  174  12:23  Terran Vehicle And Ship Armor Level 2, Terran Vehicle Weapons Level 2  
  174  12:30  Infernal Pre-Igniter  
  174  12:31  Hellion x14  
  174  12:32  Hellion x2, SCV  
  174  12:33  Liberator x2  
  181  12:43  Planetary Fortress  
  181  12:48  Refinery, Missile Turret  
  181  12:49  Sensor Tower  
  181  12:51  Refinery, Widow Mine  
  189  13:02  Hellion x5  
  199  13:09  Command Center  
  199  13:15  Command Center  
  199  13:25  Ghost Academy  
  199  13:26  Barracks Tech Lab  
  199  13:29  Barracks  
  199  13:37  Liberator x2  
  199  13:38  Liberator x2  
  199  14:02  Barracks  
  199  14:03  Factory  
  177  14:20  Liberator x3  
  177  14:21  Liberator  
  177  14:23  Siege Tank x3  
  147  14:24  Hellbat x3  
  147  14:25  Hellbat  
  122  14:45  Hellbat  
  122  14:46  Hellbat x3  
  122  14:49  Orbital Command  
  119  14:55  Hellbat, Siege Tank x2  
  127  15:03  Liberator x4  
  128  15:14  Widow Mine x3  
  138  15:41  Widow Mine x4  
  138  15:42  Widow Mine  
  142  15:46  Liberator x2  
  142  15:48  Liberator  
  139  15:56  Liberator  
Show
View Real Time Build Order
Export as new Build Order

IIIIIIIIIIII Protoss 

Build Orders: 1 Gate Expand, Colossus Rush 

Get SALT Encoding   

  12  0:00  Probe (Chrono Boost)  
  13  0:11  Probe (Chrono Boost)  
  14  0:17  Pylon  
  14  0:22  Probe (Chrono Boost)  
  16  0:36  Gateway, Probe (Chrono Boost)  
  16  0:44  Assimilator  
  16  0:47  Probe (Chrono Boost)  
  17  0:58  Probe (Chrono Boost)  
  18  1:09  Probe (Chrono Boost)  
  19  1:19  Probe (Chrono Boost)  
  19  1:22  Nexus  
  20  1:30  Probe (Chrono Boost)  
  21  1:35  Cybernetics Core  
  21  1:42  Probe (Chrono Boost)  
  22  1:47  Assimilator  
  22  1:50  Pylon  
  22  1:58  Probe (Chrono Boost)  
  23  2:09  Probe (Chrono Boost)  
  23  2:11  Adept (Chrono Boost)  
  23  2:12  Warp Gate  
  26  2:21  Mothership Core (Chrono Boost)  
  28  2:33  Probe (Chrono Boost)  
  28  2:35  Stalker (Chrono Boost)  
  31  2:42  Probe (Chrono Boost)  
  32  2:45  Probe (Chrono Boost)  
  34  3:05  Probe (Chrono Boost)  
  34  3:06  Probe (Chrono Boost)  
  34  3:08  Stalker  
  34  3:09  Robotics Facility  
  37  3:16  Probe (Chrono Boost)  
  37  3:17  Pylon, Probe (Chrono Boost)  
  39  3:27  Probe (Chrono Boost)  
  40  3:28  Probe (Chrono Boost)  
  41  3:37  Probe (Chrono Boost)  
  41  3:38  Stalker  
  41  3:41  Probe (Chrono Boost)  
  45  3:48  Probe (Chrono Boost)  
  46  3:51  Probe (Chrono Boost)  
  47  3:56  Warp Prism  
  47  3:57  Robotics Bay  
  47  3:58  Probe (Chrono Boost)  
  47  4:02  Probe (Chrono Boost)  
  53  4:11  Probe (Chrono Boost)  
  53  4:12  Pylon  
  53  4:14  Probe (Chrono Boost), Assimilator  
  53  4:17  Gateway  
  53  4:19  Assimilator  
  53  4:22  Pylon  
  53  4:23  Gateway  
  53  4:25  Pylon  
  53  4:30  Probe (Chrono Boost)  
  54  4:33  Observer (Chrono Boost)  
  54  4:36  Pylon  
  53  4:46  Probe  
  53  4:51  Disruptor (Chrono Boost)  
  53  4:52  Probe, Gravitic Drive  
  57  4:58  Probe  
  59  5:00  Stalker  
  59  5:01  Forge  
  59  5:02  Probe  
  62  5:07  Pylon  
  62  5:10  Probe  
  62  5:13  Probe  
  63  5:15  Forge  
  63  5:18  Stalker  
  66  5:22  Probe  
  66  5:24  Colossus (Chrono Boost), Probe  
  74  5:31  Stalker x2  
  74  5:34  Probe x2  
  80  5:49  Probe  
  81  5:55  Protoss Ground Weapons Level 1 (Chrono Boost)  
  81  6:02  Nexus  
  81  6:03  Pylon  
  81  6:05  Pylon  
  81  6:08  Colossus (Chrono Boost)  
  87  6:19  Extended Thermal Lance  
  87  6:22  Probe  
  87  6:24  Probe  
  88  6:28  Pylon  
  88  6:30  Pylon  
  88  6:32  Pylon  
  89  6:35  Probe  
  89  6:36  Probe  
  89  6:38  Stalker x3  
  97  6:46  Twilight Council  
  97  6:47  Probe  
  98  6:48  Forge  
  98  6:52  Colossus  
  104  7:07  Probe  
  105  7:09  Stalker x3  
  105  7:12  Photon Cannon  
  105  7:13  Probe  
  105  7:14  Assimilator  
  112  7:19  Assimilator  
  112  7:31  Probe  
  112  7:35  Blink  
  113  7:43  Nexus  
  113  7:44  Protoss Ground Armor Level 1 (Chrono Boost)  
  113  7:46  Stalker x3  
  119  7:56  Immortal  
  119  7:57  Pylon  
  119  7:58  Pylon  
  119  8:01  Pylon  
  123  8:16  Stalker x3  
  129  8:21  Gateway  
  129  8:23  Gateway  
  129  8:26  Gateway  
  129  8:27  Photon Cannon  
  129  8:35  Protoss Ground Weapons Level 2 (Chrono Boost)  
  129  8:40  Immortal  
  133  8:41  Pylon  
  133  8:51  Stalker x3  
  134  9:19  Stargate, Immortal  
  134  9:20  Assimilator  
  134  9:21  Stargate  
  134  9:23  Photon Cannon  
  138  9:24  Pylon  
  138  9:25  Pylon, Assimilator  
  138  9:28  Protoss Ground Armor Level 2 (Chrono Boost)  
  138  9:29  Photon Cannon  
  138  9:57  Templar Archives  
  138  10:00  Photon Cannon  
  138  10:02  Photon Cannon  
  138  10:03  Photon Cannon  
  138  10:05  Photon Cannon  
  138  10:07  Protoss Air Weapons Level 1, Fleet Beacon  
  138  10:23  Stalker  
  138  10:24  Stalker x4, Probe x2  
  138  10:25  Probe x2  
  151  10:35  Probe  
  152  10:46  Protoss Ground Weapons Level 3 (Chrono Boost)  
  152  10:52  Carrier x2 (Chrono Boost)  
  170  11:10  High Templar x2  
  170  11:11  Zealot x2  
  178  11:17  Archon  
  148  11:36  Zealot x3  
  122  11:41  Zealot  
  121  11:57  Psionic Storm  
  121  12:02  Probe x3  
  124  12:12  Carrier (Chrono Boost)  
  124  12:13  Carrier (Chrono Boost), Nexus  
  136  12:22  Graviton Catapult  
  132  12:31  High Templar x2  
  132  12:34  High Templar  
  138  12:49  Assimilator  
  138  12:50  Pylon  
  138  12:53  High Templar x2  
  138  12:54  High Templar  
  144  13:26  Carrier (Chrono Boost)  
  149  13:30  Carrier (Chrono Boost)  
  149  13:33  Protoss Air Weapons Level 2  
  155  13:57  Nexus  
  155  13:58  High Templar x3  
  155  14:02  Protoss Ground Armor Level 3  
  161  14:17  Archon  
  121  14:38  Pylon  
  120  14:41  Carrier (Chrono Boost)  
  126  14:51  Carrier (Chrono Boost)  
  126  14:52  High Templar  
  133  14:53  High Templar x3  
  139  15:13  Zealot x2  
  135  15:40  Photon Cannon  
  132  15:43  Photon Cannon  
  134  16:09  Probe  
  141  16:17  Stalker  
  143  16:19  Assimilator  
  143  16:20  Probe  
  143  16:23  Assimilator  
Tags
 
Add a new tag
Caveats
  • Supply blocks, unpowered buildings, or Contaminate may cause inaccurate times.
  • Supply counts are checked every 10 seconds.